 Dungeon Crawl Stone Soup version 0.27.0-1-g7a089689b8 (webtiles) character file.

Game seed: 15003326597474277087

214 ZombieSheep the Insei (level 5, 0/42 HPs)
             Began as a Draconian Transmuter on Aug 3, 2021.
             Slain by a white imp (2 damage)
             ... on level 4 of the Dungeon.
             The game lasted 00:06:25 (3887 turns).

ZombieSheep the Insei (Draconian Transmuter)        Turns: 3887, Time: 00:06:25

Health: 0/42       AC:  5    Str: 12    XL:     5   Next: 60%
Magic:  8/9        EV: 12    Int: 14    God:
Gold:   176        SH:  0    Dex: 12    Spells: 1/9 levels left

rFire    . . .     SeeInvis .     - Unarmed
rCold    . . .     Faith    .   (no shield)
rNeg     . . .     Spirit   .   (armour unavailable)
rPois    .         Reflect  .   (helmet restricted)
rElec    .         Harm     .   (no cloak)
rCorr    .         Rampage  .   (no gloves)
Will     .....                  (no boots)
Stlth    +.........             (no amulet)
HPRegen  0.14/turn              (no ring)
MPRegen  0.11/turn              (no ring)

@: no status effects
A: AC +5, unfitting armour, cold-blooded
a: no special abilities


You were on level 4 of the Dungeon.
You visited 1 branch of the dungeon, and saw 4 of its levels.

You collected 176 gold pieces.

Inventory:

Wands
 g - a wand of charming (7)
 i - a wand of mindburst (22)
 j - a wand of polymorph (6)
 k - a wand of flame (8)
Scrolls
 l - 2 scrolls of blinking
Potions
 a - a potion of attraction {unknown}
 b - 2 potions of curing {unknown}
 c - a potion of haste {unknown}
 d - 2 potions of heal wounds {unknown}
 e - 2 potions of flight {unknown}
 f - a potion of mutation {unknown}
 h - a potion of resistance {unknown}
 n - a potion of ambrosia {unknown}


   Skills:
 + Level 2.6 Fighting
 + Level 2.7 Dodging
 + Level 3.7 Unarmed Combat
 + Level 2.9 Spellcasting
 + Level 3.0 Transmutations
 + Level 1.4 Poison Magic


You had one spell level left.
You knew the following spells:

 Your Spells              Type           Power      Damage    Failure   Level
a - Beastly Appendage     Tmut           20%        N/A       6%          1
b - Spider Form           Tmut/Pois      4%         N/A       26%         3
c - Ice Form              Ice/Tmut       6%         N/A       75%         4

Your spell library contained the following spells:

 Spells                   Type           Power      Damage    Failure   Level
 Foxfire                  Conj/Fire      8%         2x1d4     22%         1
 Wereblood                Tmut           10%        N/A       10%         2
 Conjure Flame            Conj/Fire      2%         6-21      54%         3
 Inner Flame              Hex/Fire       2%         N/A       54%         3


Dungeon Overview and Level Annotations

Branches:
Dungeon (4/15)
 Temple: D:4-7

Altars:


Innate Abilities, Weirdness & Mutations

Your plain brown scales are hard. (AC +5)
You cannot fit into any form of body armour.
You are cold-blooded and may be slowed by cold attacks.


Message History

You are too injured to fight recklessly!
You are too injured to fight recklessly!
You hit the goblin.
You kill the goblin!
You hit the white imp.
The white imp is lightly wounded.
The white imp gestures at you. The puff of frost hits you.
* * * LOW HITPOINT WARNING * * *
You barely miss the white imp.
The white imp is lightly wounded.
The white imp barely misses you.
You hit the white imp.
The white imp is heavily wounded.
The white imp completely misses you.
You barely miss the white imp.
The white imp is heavily wounded.
The white imp barely misses you.
You hit the white imp.
The white imp is almost dead.
Your transformation has ended.
The white imp hits you but does no damage.
You hit the white imp but do no damage.
The white imp is almost dead.
The white imp hits you.
* * * LOW HITPOINT WARNING * * *
The white imp freezes you.
You feel yourself slow down.
* * * LOW HITPOINT WARNING * * *
You hit the white imp but do no damage.
The white imp is almost dead.
The white imp closely misses you.
You hit the white imp but do no damage.
The white imp is almost dead.
You feel yourself speed up. The white imp hits you.
* * * LOW HITPOINT WARNING * * *
The white imp freezes you.
* * * LOW HITPOINT WARNING * * *
The white imp hits you.
You die...

#.# ##.#
#.# #.#
#.# #.#
#.# #.##
########.#
#..#
.........#
##.##
##########
#..# ##.##
# #5@# .
##$# . #..
. ##.. .
..# . ...
. #.#. .
...# .


You could see a white imp.

Vanquished Creatures
  A hound (D:4)
  Jessica (D:3)
  An iguana (D:4)
  Ijyb (D:3)
  Terence (D:3)
  2 adders
  An adder skeleton (D:2)
  A worm (D:3)
  2 dart slugs
  6 ball pythons
  6 bats
  3 endoplasms
  A giant cockroach (D:2)
  4 goblins
  3 hobgoblins
  4 jackals
  5 quokkas
  2 frilled lizards (D:2)
  5 kobolds
  8 rats
58 creatures vanquished.

Vanquished Creatures (others)
  7 demonic plants (D:1)
  7 fungi (D:1)
  10 plants (D:1)
  3 withered plants (D:1)
27 creatures vanquished.

Grand Total: 85 creatures vanquished

Notes
Turn   | Place    | Note
-------+----------+-------------------------------------------
     0 | D:1      | ZombieSheep the Draconian Transmuter began the quest for
                  | the Orb.
     0 | D:1      | Reached XP level 1. HP: 16/16 MP: 3/3
   194 | D:1      | Reached XP level 2. HP: 20/23 MP: 5/5
   753 | D:1      | Found a faded altar of an unknown god.
  1035 | D:2      | Reached XP level 3. HP: 27/29 MP: 6/6
  1560 | D:2      | Learned a level 3 spell: Spider Form
  1900 | D:3      | Noticed Terence
  2063 | D:3      | Killed Terence
  2064 | D:3      | Reached XP level 4. HP: 13/36 MP: 1/7
  2706 | D:3      | Noticed Jessica
  2737 | D:3      | Noticed Ijyb
  2925 | D:3      | Killed Ijyb
  3115 | D:3      | Killed Jessica
  3116 | D:3      | Reached skill level 1 in Poison Magic
  3116 | D:3      | Reached XP level 5. HP: 41/42 MP: 5/9
  3684 | D:4      | Learned a level 4 spell: Ice Form
  3886 | D:4      | HP: 1/42 [white imp (5)]
  3887 | D:4      | Slain by a white imp

Illustrated notes

Levels and vault maps discovered:
D:1:      zaba_arrival_water, layout_loops_ring, shapermc_ecumenical_altar_gd
D:2:      layout_basic
D:3:      layout_loops_ring, amethyst_killhole, minmay_statues_item,
          uniq_terence, uniq_jessica, uniq_ijyb
D:4:      layout_basic

Skill      XL: |  1  2  3  4  5 |
---------------+----------------+-----
Dodging        | 2 |  2.7
Fighting       | 2 |  2.6
Poison Magic   | 1 |  1.4
Transmutations | 3 |  3.0
Unarmed Combat | |  3.7
Spellcasting   | |  2.9

Action                   |  1- 3 |  4- 6 || total
-------------------------+-------+-------++-------
Melee: Unarmed           |   164 |    95 ||   259
       Tailslap          |    16 |     4 ||    20
       Kick              |     1 |     3 ||     4
       Headbutt          |       |     1 ||     1
 Cast: Spider Form       |     2 |     4 ||     6
       Beastly Appendage |     1 |     1 ||     2
  Use: Scroll            |     3 |     3 ||     6
 Stab: Sleeping          |       |     1 ||     1
Armor: Skin              |    48 |    19 ||    67
Dodge: Dodged            |   174 |    68 ||   242
